 Dungeon Crawl Stone Soup version 0.25-a0-647-gd602d06 (webtiles) character file.

Game seed: 9647625015365658058, levelgen mode: deterministic

8712 relicbr the Geomancer (level 10, -3/69 HPs)
             Began as a Demigod Earth Elementalist on Mar 20, 2020.
             Slain by a gnoll
             ... wielding a +0 hand axe
              (4 damage)
             ... on level 9 of the Dungeon on Mar 21, 2020.
             The game lasted 00:43:50 (12706 turns).

relicbr the Geomancer (Demigod Earth Elementalist) Turns: 12706, Time: 00:43:50

Health: -3/69      AC:  5    Str: 11    XL:     10   Next: 90%
Magic:  27/35      EV: 12    Int: 25    God:
Gold:   553        SH:  6    Dex: 16    Spells: 11/25 levels left

rFire    . . .     SeeInvis .   s - +9 broad axe of Parts Unknown {flame, +Rage}
rCold    . . .     Gourm    .   h - +1 buckler
rNeg     + . .     Faith    .   n - +0 robe {rN+}
rPois    .         Spirit   .   B - +0 helmet
rElec    .         Reflect  .   (no cloak)
rCorr    .         Harm     .   z - +0 pair of gloves {archery}
MR       ++...                  y - +0 pair of boots
Stlth    ++........             (no amulet)
HPRegen  0.21/turn              o - ring of magical power
MPRegen  0.24/turn              i - ring of protection from magic

@: no status effects
A: high mp 1
a: Evoke Berserk Rage


You were on level 9 of the Dungeon.
You were near starving.

You visited 1 branch of the dungeon, and saw 9 of its levels.
You also visited: Sewer and Bailey.

You collected 553 gold pieces.

Inventory:

Hand Weapons
 s - the +9 broad axe of Parts Unknown (weapon) {flame, +Rage}
   (You took it off an orc warrior on level 8 of the Dungeon)

   It has been specially enchanted to burn those struck by it, causing extra
   injury to most foes and up to half again as much damage against particularly
   susceptible opponents.
   Big, fiery blades are also staple armaments of hydra-hunters.
   It lets you go berserk.
Missiles
 A - 87 stones (quivered)
Armour
 h - a +1 buckler (worn)
 n - a +0 robe of positive energy (worn)
 y - a +0 pair of boots (worn)
 z - a +0 pair of gloves of archery (worn)
 B - a +0 helmet (worn)
Jewellery
 i - a ring of protection from magic (right hand)
 o - a ring of magical power (left hand)
 t - an uncursed ring of flight
 C - an uncursed ring of wizardry
Wands
 a - a wand of iceblast (13)
 H - a wand of paralysis (4)
Scrolls
 c - 2 scrolls of magic mapping
 k - a scroll of acquirement {unknown}
 l - 2 scrolls of random uselessness {unknown}
 u - 3 scrolls of remove curse
 v - 3 scrolls of enchant weapon {unknown}
 w - 2 scrolls of fear {unknown}
 x - 2 scrolls of enchant armour
 D - a scroll of fog {unknown}
 E - a scroll of teleportation {unknown}
Potions
 e - a potion of flight {unknown}
 g - 4 potions of stabbing
 j - 2 potions of haste
 m - 2 potions of curing
 p - a potion of berserk rage {unknown}
 q - 2 potions of degeneration {unknown}
 r - a potion of heal wounds {unknown}
 G - a potion of cancellation {unknown}
 I - a potion of ambrosia {unknown}
Miscellaneous
 f - a sack of spiders
Comestibles
 d - 14 rations


   Skills:
 - Level 1.7 Dodging
 - Level 1.7 Stealth
 - Level 4.0 Shields
 - Level 8.1 Spellcasting
 - Level 8.0 Conjurations
   Level 0.8 Transmutations
 * Level 1.7 Fire Magic
 - Level 10.0 Earth Magic


You had 11 spell levels left.
You knew the following spells:

 Your Spells              Type           Power        Failure   Level  Hunger
a - Sandblast             Erth           ######       1%          1    None
b - Stone Arrow           Conj/Erth      ######       1%          3    None
c - Lee's Rapid Deconstr  Erth           ######....   2%          5    ####...
d - Fireball              Conj/Fire      ####......   22%         5    ####...

Your spell library contained the following spells:

 Spells                   Type           Power        Failure   Level  Hunger
 Foxfire                  Conj/Fire      ####         1%          1    None
 Passwall                 Tmut/Erth      #####...     1%          2    None
 Conjure Flame            Conj/Fire      ####....     2%          3    None
 Animate Skeleton         Necr           N/A          6%          1    None
 Petrify                  Tmut/Erth      #####...     6%          4    ##.....
 Sticky Flame             Conj/Fire      ####....     8%          4    ##.....
 Inner Flame              Hex/Fire       ##......     12%         3    None
 Summon Lightning Spire   Summ/Air       ##......     52%         4    ##.....
 Silence                  Hex/Air        ##........   86%         5    ####...
 Conjure Ball Lightning   Conj/Air       ####......   87%         6    ######.
 Deflect Missiles         Chrm/Air       ##........   100%        6    ######.
 Tornado                  Air            ##........   100%        9    #######


Dungeon Overview and Level Annotations

Branches:
Dungeon (9/15)             Temple (0/1) D:6            Lair (0/6) D:9
    Orc (0/2) D:9           Sewer (visited)          Bailey (visited)

Shops:
D:4 (

Annotations:
D:7 2 transporters, YayAnonymity's ghost, novice DsFi; mojowtm's ghost, novice CeHu


Innate Abilities, Weirdness & Mutations

You have an increased reservoir of magic. (+10% MP)


Message History

Press: ? - help, Shift-Dir - straight line, f/p - troll
Aim: a troll The stone arrow hits the troll!!
The troll is heavily wounded.
The troll bites you! The troll claws you! x2
* * * LOW HITPOINT WARNING * * *
You feel better. The gnoll hits you with a +0 hand axe!
* * * LOW HITPOINT WARNING * * *
You block the troll's attack. The troll misses you. The troll claws you.
* * * LOW HITPOINT WARNING * * *
Okay, then.
Casting: Stone Arrow (safe; 1% risk of failure)
Confirm with . or Enter, or press ? or * to list all spells.
Aiming: Stone Arrow (safe; 1% risk of failure)
Press: ? - help, Shift-Dir - straight line, f/p - troll
Aim: a troll (heavily wounded)
The stone arrow hits the troll!!
You kill the troll!
The gnoll hits you with a +0 hand axe.
You die...

*#### ####### ,,..#
#.....# ###.## #.###.#
### ...(.# #.#.#[###.#
.....###.#...g.#.#####
..#....#....)#[#@g...#
..#........#.#(#####.#
..#..#.#.#.T.#..gT...#
.###.#.#.#g###########
.....#...#.#
.#=..<####.###
.#.#...#.....##
.#.###.#.###..# ##.#
#...# ##g#


You could see a gnoll.

Vanquished Creatures
  2 two-headed ogres
  Pikel (D:4)
  An ugly thing (D:7)
  A troll (D:9)
  A yak (D:7)
  A human (D:7)
  A hungry ghost (D:8)
  3 hogs (D:7)
  Menkaure (D:5)
  Duvessa (D:5)
  A water moccasin (D:5)
  A black bear (D:8)
  2 eyes of draining (D:4)
  11 orc warriors
  An ice beast (D:7)
  6 ogres
  A slave (D:5)
  A necrophage (D:7)
  2 sky beasts (D:7)
  5 centaurs
  5 big kobolds
  2 bullfrogs (Sewer)
  2 gnoll sergeants
  Dowan (D:5)
  A wyvern skeleton (D:8)
  3 scorpions
  3 wights (D:7)
  5 crimson imps
  A quasit (D:5)
  2 hounds
  2 jellies
  4 bullfrog skeletons
  A centaur skeleton (D:4)
  10 orc priests
  15 orc wizards
  3 iguanas
  A worker ant (D:9)
  A killer bee zombie (D:8)
  A hound skeleton (D:4)
  2 worker ant zombies (D:6)
  15 gnolls
  17 adders
  An ooze (D:3)
  3 adder skeletons (D:5)
  An adder zombie (D:4)
  3 worms
  2 dart slugs
  6 leopard geckos
  39 orcs
  16 giant cockroaches
  5 goblins
  10 hobgoblins
  2 jackals (D:1)
  5 quokkas
  9 ball pythons
  4 bats
  7 frilled lizards
  27 kobolds
  A leopard gecko skeleton (D:5)
  A quokka skeleton (D:4)
  A quokka zombie (D:5)
  10 rats
294 creatures vanquished.

Vanquished Creatures (others)
  A slave (D:4)
  An orc priest (D:4)
  An adder zombie (D:5)
  4 orcs
7 creatures vanquished.

Grand Total: 301 creatures vanquished

Notes
Turn   | Place    | Note
-------+----------+-------------------------------------------
     0 | D:1      | relicbr the Demigod Earth Elementalist began the quest for
                  | the Orb.
     0 | D:1      | Reached XP level 1. HP: 14/14 MP: 5/5
    95 | D:1      | Reached skill level 3 in Earth Magic
   411 | D:1      | Reached XP level 2. HP: 7/20 MP: 5/7
  1351 | D:1      | Reached XP level 3. HP: 25/26 MP: 8/8
  1887 | D:2      | Reached skill level 4 in Earth Magic
  2041 | D:2      | Learned a level 3 spell: Stone Arrow
  2509 | D:2      | Found an iron altar of Okawaru.
  2529 | D:2      | Reached skill level 1 in Shields
  2792 | D:2      | Reached XP level 4. HP: 33/33 MP: 5/9
  3592 | D:3      | Found a burning altar of Makhleb.
  3609 | D:3      | Found a hazy altar of Hepliaklqana.
  3612 | D:3      | Found a snail-covered altar of Cheibriados.
  3614 | D:3      | Found a basalt altar of Yredelemnul.
  3617 | D:3      | Found a sacrificial altar of Ru.
  3710 | D:3      | You fall into a shaft and drop 3 floors!
  3720 | D:6      | Found a staircase to the Ecumenical Temple.
  3725 | D:6      | Reached skill level 5 in Earth Magic
  3725 | D:6      | Reached XP level 5. HP: 31/38 MP: 10/10
  3825 | D:6      | Found an ancient bone altar of Kikubaaqudgha.
  4049 | D:6      | Found a glowing drain.
  4053 | Sewer    | Entered a sewer
  4358 | Sewer    | Reached skill level 6 in Earth Magic
  4358 | Sewer    | Reached XP level 6. HP: 45/45 MP: 11/11
  4823 | D:5      | Entered Level 5 of the Dungeon
  5074 | D:5      | Noticed a water moccasin
  5077 | D:5      | Killed a water moccasin
  5077 | D:5      | Reached skill level 7 in Earth Magic
  5077 | D:5      | Reached XP level 7. HP: 29/50 MP: 12/12
  5553 | D:5      | Noticed Pikel
  5579 | D:4      | Killed Pikel
  5579 | D:4      | Reached skill level 8 in Earth Magic
  5579 | D:4      | Reached XP level 8. HP: 23/57 MP: 8/13
  5813 | D:4      | Reached skill level 9 in Earth Magic
  6179 | D:4      | Found Tyrchu Qociwk's Weapon Emporium.
  6351 | D:4      | Found a bloodstained altar of Trog.
  7127 | D:5      | Noticed Dowan
  7130 | D:5      | Noticed Duvessa
  7146 | D:5      | Killed Duvessa
  7148 | D:5      | Killed Dowan
  7320 | D:5      | Reached skill level 5 in Spellcasting
  7376 | D:5      | Noticed Menkaure
  7487 | D:5      | Killed Menkaure
  7943 | D:6      | Learned a level 5 spell: Lee's Rapid Deconstruction
  7998 | D:7      | Reached XP level 9. HP: 62/62 MP: 21/21
  8132 | D:7      | Noticed a brown ugly thing
  8221 | D:7      | Reached skill level 1 in Conjurations
  8544 | D:7      | Killed a brown ugly thing
  8547 | D:7      | Reached skill level 5 in Conjurations
  8839 | D:7      | Found a transporter.
  8839 | D:7      | Noticed YayAnonymity's ghost (novice DsFi)
  9031 | D:7      | Found a transporter.
  9484 | D:8      | Noticed a two-headed ogre
  9513 | D:7      | Killed a two-headed ogre
  9513 | D:7      | Reached XP level 10. HP: 16/69 MP: 10/23
  9923 | D:8      | Noticed mojowtm's ghost (novice CeHu)
  9926 | D:8      | Found a runed translucent gate.
  9926 | D:8      | Found a runed translucent gate.
  9927 | D:8      | Found a runed translucent gate.
  9927 | D:8      | Found a roughly hewn altar of Beogh.
  9929 | D:8      | Identified the +9 broad axe of Parts Unknown {flame, +Rage}
 10176 | D:8      | Upgraded the game from 0.25-a0-635-g0c6c292 to
                  | 0.25-a0-647-gd602d06
 10527 | D:8      | Found a shimmering blue altar of Sif Muna.
 10538 | D:8      | Found an ancient bone altar of Kikubaaqudgha.
 10558 | D:8      | Identified Kikubaaqudgha's Papyrus of Black Rituals
 10712 | D:8      | Found a radiant altar of Vehumet.
 11875 | D:9      | Noticed a two-headed ogre
 11888 | D:9      | Found a flagged portal.
 11900 | Bailey   | Entered a bailey
 11907 | Bailey   | Learned a level 5 spell: Fireball
 12216 | Bailey   | Found a bloodstained altar of Trog.
 12365 | D:9      | Killed a two-headed ogre
 12465 | D:9      | Found a staircase to the Orcish Mines.
 12474 | D:9      | Reached skill level 10 in Earth Magic
 12509 | D:8      | Reached skill level 1 in Fire Magic
 12705 | D:9      | HP: 1/69 [troll (5)]
 12706 | D:9      | Slain by a gnoll

Levels and vault maps discovered:
D:1:      eino_arrival_druids_welcome, layout_basic, minmay_heptomino_d4
D:2:      layout_loops_ring, okawaru_altar_gauntlet_db
D:3:      layout_basic, minitemple, interstate_on_off
D:4:      cheibrodos_thug_alley, layout_basic, serial_shops, nicolae_shop_stone,
          first_ration, minivault_11, trog_eyes_of_draining
D:5:      layout_cave_pods, uniq_duvessa, uniq_menkaure, uniq_pikel
D:6:      layout_basic, minmay_temple_entry_stoned_glass, gup_sewer_entry_bowl,
          basic_altar
D:7:      layout_basic, gammafunk_ghost_stat_death, grunt_livestock
D:8:      layout_loops_ring, palyth_temple_overflow_mages,
          biasface_ghost_orc_armoury
D:9:      layout_basic, erik_lair_island,
          kennysheep_orc_monster_closet_entryway, enter_bailey_6, serial_shops,
          shop_fountains, kennysheep_generic_room_14

Skill      XL: |  1  2  3  4  5  6  7  8  9 10 |
---------------+-------------------------------+-----
Earth Magic    | 3 4 5 6 7 8 9 10 | 10.0
Shields        | 1 2 3 4 |  4.0
Spellcasting   | 5 6 8 |  8.1
Conjurations   | 7 8 |  8.0
Fire Magic     | 1 |  1.7
Dodging        | |  1.7
Stealth        | |  1.7
Transmutations | |  0.8

Action                   |  1- 3 |  4- 6 |  7- 9 | 10-12 || total
-------------------------+-------+-------+-------+-------++-------
Melee: Short sword       |   108 |       |       |       ||   108
       Whip              |     3 |    81 |   109 |    85 ||   278
       Broad axe         |       |       |       |     1 ||     1
Throw: Dart              |       |    25 |     3 |    25 ||    53
       Stone             |       |       |       |     1 ||     1
 Cast: Sandblast         |    27 |    55 |    52 |    21 ||   155
       Stone Arrow       |       |     2 |    78 |    65 ||   145
       Lee's Rapid Decon |       |       |     9 |    19 ||    28
  Use: Scroll            |       |     8 |     1 |     4 ||    13
       Potion            |       |       |       |     1 ||     1
 Stab: Sleeping          |     5 |     1 |     3 |     1 ||    10
  Eat: Chunk             |     5 |    10 |    18 |    12 ||    45
Armor: Robe              |    22 |     8 |    26 |    12 ||    68
Dodge: Dodged            |    80 |    39 |    73 |    61 ||   253
Block: Buckler           |    27 |    19 |    39 |    39 ||   124

Table legend:
 A = Non-vault XP
 B = Vault XP
 C = Vault XP percentage of total XP
 D = Non-vault monster count
 E = Vault monster count
 F = Vault count percentage of total count
                 A         B        C        D         E       F
            +---------+---------+-------+---------+---------+-------
      Total |    7273 |    5173 |  41.6 |     189 |     104 |  35.5
            +---------+---------+-------+---------+---------+-------
        D:1 |      42 |      10 |  19.2 |      24 |       5 |  17.2
        D:2 |      28 |      47 |  62.7 |       9 |       5 |  35.7
        D:3 |      65 |       0 |   0.0 |      13 |       0 |   0.0
        D:4 |     488 |    1031 |  67.9 |      22 |      15 |  40.5
        D:5 |     775 |     380 |  32.9 |      35 |       3 |   7.9
        D:6 |     156 |       5 |   3.1 |       5 |       3 |  37.5
        D:7 |    2816 |     965 |  25.5 |      31 |       5 |  13.9
        D:8 |    1917 |     693 |  26.6 |      43 |      15 |  25.9
        D:9 |     986 |    1352 |  57.8 |       7 |      16 |  69.6
      Sewer |       0 |     274 | 100.0 |       0 |      21 | 100.0
     Bailey |       0 |     416 | 100.0 |       0 |      16 | 100.0
            +---------+---------+-------+---------+---------+-------
